 Dungeon Crawl Stone Soup version 0.28.0-53-g5a82cb258f (webtiles) character file.

Game seed: 7022056553490937456

1428 clackabat the Cleaver (level 8, 0/64 HPs)
             Began as a Minotaur Fighter on July 15, 2022.
             Slain by a gnoll
             ... wielding a +0 club
              (6 damage)
             ... on level 5 of the Dungeon.
             The game lasted 00:08:58 (5562 turns).

clackabat the Cleaver (Minotaur Fighter)            Turns: 5562, Time: 00:08:59

Health: 0/64       AC:  8    Str: 21    XL:     8   Next: 44%
Magic:  7/7        EV:  9    Int:  7    God:
Gold:   221        SH:  0    Dex: 10    Spells: 7/7 levels left

rFire   . . .      SeeInvis .   a - +1 war axe
rCold   . . .      Faith    .   (no shield)
rNeg    . . .      Spirit   .   b - +0 scale mail
rPois   .          Reflect  .   (helmet restricted)
rElec   .          Harm     .   (no cloak)
rCorr   .          Rampage  .   (no gloves)
Will    .....                   m - +0 pair of boots
Stlth   ..........              (no amulet)
HPRegen 0.20/turn               (no ring)
MPRegen 0.10/turn               (no ring)

@: no status effects
A: horns 2, retaliatory headbutt
a: no special abilities


You were on level 5 of the Dungeon.
You visited 1 branch of the dungeon, and saw 5 of its levels.

You collected 221 gold pieces.

Inventory:

Hand Weapons
 a - a +1 war axe (weapon)
Missiles
 j - 2 poisoned darts
 l - a throwing net (quivered)
 v - 6 javelins
Armour
 b - a +0 scale mail (worn)
 c - a +0 buckler
 m - a +0 pair of boots (worn)
Wands
 q - a wand of polymorph (15)
Scrolls
 d - a scroll of teleportation {unknown}
 f - a scroll of amnesia
 i - 3 scrolls of identify
 k - 2 scrolls of enchant weapon
 p - a scroll of fog {unknown}
 t - 2 scrolls of immolation {unknown}
Potions
 e - a potion of lignification
 g - 2 potions of haste
 h - a potion of heal wounds {unknown}
 n - a potion of resistance {unknown}
 o - a potion of attraction {unknown}
 u - 2 potions of mutation


   Skills:
 - Level 3.6 Fighting
 * Level 12.6 Axes
 - Level 3.6 Armour
 - Level 3.6 Shields


You had 7 spell levels left.
You didn't know any spells.
Your spell library contained the following spells:

 Spells                   Type           Power      Damage    Failure   Level
 Apportation              Tloc           0%         N/A       77%         1
 Inner Flame              Hex/Fire       0%         N/A       98%         3
 Cause Fear               Hex            0%         N/A       100%        4
 Alistair's Intoxication  Tmut/Pois      0%         N/A       100%        5
 Discord                  Hex            0%         N/A       100%        8


Dungeon Overview and Level Annotations

Branches:
Dungeon (5/15)
 Temple: D:4-7

Altars:
Vehumet

Shops:
D:1 =   D:3 *


Innate Abilities, Weirdness & Mutations

You have a pair of horns on your head.
You reflexively headbutt those who attack you in melee.


Message History

A gnoll comes into view. It is wielding a +0 flail.
You hit the gnoll.
The gnoll is lightly wounded.
The gnoll hits you but does no damage.
You closely miss the gnoll.
The gnoll is lightly wounded.
The gnoll hits you from afar with a +0 halberd.
The gnoll misses you. You furiously retaliate!
You headbutt the gnoll! You hit the gnoll.
You kill the gnoll!
The gnoll hits you from afar with a +0 halberd!
The gnoll hits you with a +0 halberd.
Items here: )) [ †.
You slash the gnoll! Your headbutt misses the gnoll.
The gnoll is heavily wounded.
The gnoll hits you with a +0 halberd.
* * * LOW HITPOINT WARNING * * *
You slash the gnoll!
You kill the gnoll!
You closely miss the gnoll.
The gnoll hits you with a +2 flail of holy wrath!
* * * LOW HITPOINT WARNING * * *
You slash the gnoll!
You kill the gnoll!
The gnoll closely misses you.
Things that are here:
a +2 flail of holy wrath; a +0 halberd; a gnoll corpse You hit the gnoll but do no damage.
The gnoll hits you but does no damage.
You hit the gnoll. You headbutt the gnoll.
The gnoll is almost dead.
The gnoll hits you with a +0 club.
* * * LOW HITPOINT WARNING * * *
You closely miss the gnoll. Your headbutt misses the gnoll.
The gnoll is almost dead.
The gnoll hits you with a +0 club.
* * * LOW HITPOINT WARNING * * *
You completely miss the gnoll. Your headbutt misses the gnoll.
The gnoll is almost dead.
The gnoll hits you with a +0 club.
You die...

##.##....#.##
#....⌠..
#..#....##.#
#.......
#)##...##..#
#.#..... #
##.#...##..##.#
#....... ##
#..#.###..###.#
###.#### .#
#..#.)...##.#.# #.#
.# #.....#####.#.#
#.# .# #.##### #g#.#
#.# .# #.# #@#.#
####.# .# ##.# #)#.#
#....# .#
#..########.#).#
#.####
.####........>.###.#
#.#
.##.....#######.#.##
#.# .##.....# #.##
#.# ........# #.#
#.#
###.....########.#
#.#
.................#
#.#


You could see a gnoll.

Vanquished Creatures
  Duvessa (D:5)
  A water moccasin (D:5)
  A black bear (D:4)
  4 ogres
  A phantom (D:5)
  Blork the orc (D:5)
  A gnoll sergeant (D:5)
  Dowan (D:5)
  A water moccasin skeleton (D:5)
  A bullfrog zombie (D:5)
  2 hounds (D:5)
  An orc priest (D:5)
  A bullfrog skeleton (D:5)
  A gnoll shaman (D:5)
  3 orc wizards (D:4)
  9 gnolls
  A howler monkey skeleton (D:5)
  5 adders
  2 white imps (D:5)
  3 worms (D:2)
  2 dart slugs (D:1)
  8 orcs
  6 endoplasms
  2 giant cockroaches
  10 goblins
  4 hobgoblins
  5 jackals
  5 kobolds
  2 quokkas
  9 ball pythons
  7 bats
  4 frilled lizards
  3 rats (D:1)
108 creatures vanquished.

Notes
Turn   | Place    | Note
-------+----------+-------------------------------------------
     0 | D:1      | clackabat the Minotaur Fighter began the quest for the Orb.
     0 | D:1      | Reached XP level 1. HP: 19/19 MP: 0/0
    81 | D:1      | Reached skill level 3 in Axes
   163 | D:1      | Reached XP level 2. HP: 26/26 MP: 1/1
   441 | D:1      | Reached skill level 4 in Axes
   446 | D:1      | Found Saimano's Jewellery Shop.
   744 | D:1      | Reached XP level 3. HP: 26/31 MP: 2/2
  1336 | D:2      | Reached skill level 5 in Axes
  1605 | D:2      | Found a faded altar of an unknown god.
  1809 | D:3      | Reached XP level 4. HP: 38/39 MP: 3/3
  2051 | D:3      | Found Wamiotz's General Store.
  2266 | D:4      | Noticed an ogre
  2274 | D:4      | Killed an ogre
  2275 | D:4      | Reached skill level 6 in Axes
  2275 | D:4      | Reached XP level 5. HP: 31/45 MP: 4/4
  2283 | D:4      | Reached skill level 7 in Axes
  2464 | D:4      | Noticed an ogre
  2469 | D:4      | Killed an ogre
  2470 | D:4      | Reached skill level 8 in Axes
  2470 | D:4      | Reached XP level 6. HP: 35/51 MP: 5/5
  2822 | D:4      | Found a radiant altar of Vehumet.
  3265 | D:4      | Found the +4 dagger "Morg" {pain, Will+ Int+5}
  3598 | D:5      | Entered Level 5 of the Dungeon
  3746 | D:4      | Reached skill level 9 in Axes
  3746 | D:4      | Reached XP level 7. HP: 11/57 MP: 6/6
  3997 | D:5      | Noticed Blork the orc
  4009 | D:5      | Killed Blork the orc
  4015 | D:5      | Reached skill level 10 in Axes
  4683 | D:5      | Reached skill level 11 in Axes
  4888 | D:5      | Noticed Duvessa
  4890 | D:5      | Noticed Dowan
  4891 | D:5      | Killed Duvessa
  4892 | D:5      | Reached XP level 8. HP: 41/64 MP: 7/7
  4895 | D:5      | Killed Dowan
  5136 | D:5      | Reached skill level 12 in Axes
  5562 | D:5      | Slain by a gnoll

Illustrated notes

Levels and vault maps discovered:
D:1:      dpeg_arrival_signposts, layout_loops_cross, serial_shops, shop
D:2:      layout_basic, ebering_ecumenical_altar_rust
D:3:      layout_loops_ring, serial_shops, shop
D:4:      layout_basic, mainiacjoe_overflow_cross_hatched, minmay_door_square
D:5:      minmay_evil_eye, layout_loops_ring, solitary_fountain, uniq_duvessa,
          uniq_blork_the_orc

Skill      XL: |  1  2  3  4  5  6  7  8 |
---------------+-------------------------+-----
Axes           | 3 4 5 6 8 9 11 12 | 12.6
Fighting       | |  3.6
Armour         | |  3.6
Shields        | |  3.6

Action                   |  1- 3 |  4- 6 |  7- 9 || total
-------------------------+-------+-------+-------++-------
Melee: War axe           |    76 |    74 |   104 ||   254
       Headbutt          |    11 |    12 |    17 ||    40
       Punch             |     1 |       |     2 ||     3
       Unarmed           |       |       |     3 ||     3
  Use: Scroll            |     2 |     9 |       ||    11
       Potion            |       |     1 |     2 ||     3
Armor: Scale mail        |    47 |    25 |    36 ||   108
Dodge: Dodged            |    38 |    39 |    45 ||   122
